 Dungeon Crawl Stone Soup version 0.30.0-29-ga12c61a403 (webtiles) character file.

Game seed: 13834516066340152115

4512 seaoflcl the Spear-Bearer (level 10, 0/88 HPs)
             Began as a Minotaur Fighter on June 10, 2023.
             Was a Believer of Lugonu.
             Slain by a polar bear (9 damage)
             ... on level 10 of the Dungeon.
             The game lasted 00:15:51 (7670 turns).

seaoflcl the Spear-Bearer (Minotaur Fighter)        Turns: 7670, Time: 00:15:52

Health: 0/88       AC: 10    Str: 31    XL:     10   Next: 16%
Magic:  0/9        EV: 11    Int: 13    God:    Lugonu [**....]
Gold:   549        SH:  6    Dex: 14    Spells: 9/9 levels left

rFire   . . .        P - +2 war axe "Leviticus" {freeze, Contam Int+8 Dex+4 Stlth-}
rCold   . . .        c - +0 buckler
rNeg    . . .        z - +2 scale mail {Will+}
rPois   .            (helmet restricted)
rElec   .            (no cloak)
rCorr   .            (no gloves)
SInv    .            (no boots)
Will    +....        h - amulet of guardian spirit Stlth
                     q - +6 ring of strength
HPRegen 0.34/turn    (no ring)
MPRegen 0.11/turn

%: guardian spirit
@: no status effects
A: horns 2, retaliatory headbutt
a: Renounce Religion, Depart the Abyss, Banish


You were on level 10 of the Dungeon.
You worshipped Lugonu.
Lugonu was pleased with you.
You visited 1 branch of the dungeon, and saw 10 of its levels.
You visited the Abyss 1 time.

You collected 549 gold pieces.

Inventory:

Hand Weapons
 a - a +0 war axe
 s - a +5 hand axe
 y - a +2 trident of distortion
 L - a +2 long sword
 M - a +3 short sword
 P - the +2 war axe "Leviticus" (weapon) {freeze, Contam Int+8 Dex+4 Stlth-}
   (You found it on level 8 of the Dungeon)

   Int:       It affects your intelligence (+8).
   Dex:       It affects your dexterity (+4).
   Contam:    It causes magical contamination when unequipped.
   Stlth:     It makes you less stealthy.
Missiles
 i - 16 poisoned darts (quivered)
 F - 9 boomerangs
 I - 2 atropa-tipped darts
Armour
 c - a +0 buckler (worn)
 z - a +2 scale mail of willpower (worn)
Jewellery
 h - an amulet of guardian spirit (around neck)
 j - a ring of ice
 l - a ring of ice
 q - a +6 ring of strength (left hand)
 C - a +6 ring of dexterity
 N - a ring of fire
Wands
 g - a wand of polymorph (8)
 x - a wand of roots (4)
 H - a wand of flame (9)
Scrolls
 b - 6 scrolls of teleportation
 e - a scroll of noise
 k - 3 scrolls of poison
 m - 3 scrolls of immolation
 n - 2 scrolls of vulnerability
 o - a scroll of enchant armour {unknown}
 t - 3 scrolls of fear
 v - 2 scrolls of amnesia {unknown}
 w - a scroll of enchant weapon {unknown}
 B - 3 scrolls of blinking
 O - a scroll of silence {unknown}
 Q - a scroll of torment {unknown}
Potions
 d - a potion of might
 f - 3 potions of degeneration
 p - 2 potions of magic
 r - a potion of resistance
 u - 4 potions of curing
 D - a potion of mutation
 E - a potion of experience {unknown}
 G - 2 potions of flight {unknown}
 K - a potion of cancellation {unknown}


   Skills:
 + Level 8.0 Fighting
 * Level 6.3(8.2) Axes
 - Level 8.1(9.1) Polearms
 + Level 5.4 Throwing
 + Level 7.9 Armour
 + Level 2.6 Dodging
 + Level 7.9 Shields
 + Level 2.2 Evocations


You had 9 spell levels left.
You didn't know any spells.
Your spell library contained the following spells:

 Spells                   Type           Power      Damage    Failure   Level
 Freeze                   Ice            0%         1d3       54%         1
 Necrotise                Necr           0%         1d4       54%         1
 Frozen Ramparts          Ice            0%         1d1       88%         3
 Hailstorm                Conj/Ice       0%         3d3       88%         3
 Vampiric Draining        Necr           0%         2d6       88%         3
 Olgreb's Toxic Radiance  Pois           0%         N/A       99%         4
 Agony                    Necr           0%         N/A       100%        5
 Borgnjor's Revivificati  Necr           0%         N/A       100%        8
 Discord                  Hex            0%         N/A       100%        8
 Ignition                 Fire           0%         3d3       100%        8
 Necromutation            Tmut/Necr      0%         N/A       100%        8
 Death's Door             Necr           0%         N/A       100%        9


Dungeon Overview and Level Annotations

Branches:
Dungeon (10/15)            Temple (0/1) D:7
   Lair: D:8-11         Orc: D:9-12

Altars:
Dithmenos
Okawaru
Wu Jian

Annotations:
D:5 2 transporters
Abyss:1 Jessica


Innate Abilities, Weirdness & Mutations

You have a pair of horns on your head.
You reflexively headbutt those who attack you in melee.


Message History

The bolt of electricity hits you!
You slice the ice beast!!
The ice beast is severely wounded.
The ice beast closely misses you.
You hit the ice beast but do no damage. You headbutt the ice beast.
The ice beast is almost dead.
The ice beast hits you. The ice beast freezes you!
* * * LOW HITPOINT WARNING * * *
You slash the ice beast!
You kill the ice beast!
Lugonu accepts your kill.
You hit the polar bear.
The polar bear bites you but does no damage.
The polar bear completely misses you.
The polar bear claws you but does no damage.
You slash the polar bear! You freeze the polar bear.
The polar bear is heavily wounded.
The polar bear bites you!
* * * LOW HITPOINT WARNING * * *
The polar bear closely misses you. You block the polar bear's attack.
You hit the polar bear but do no damage.
Your headbutt misses the polar bear.
The polar bear is heavily wounded.
The polar bear bites you!
* * * LOW HITPOINT WARNING * * *
The polar bear barely misses you. The polar bear closely misses you.
You feel better. The polar bear bites you.
* * * LOW HITPOINT WARNING * * *
The polar bear claws you.
* * * LOW HITPOINT WARNING * * *
The polar bear claws you.
* * * LOW HITPOINT WARNING * * *
You closely miss the polar bear. Your headbutt misses the polar bear.
The polar bear is heavily wounded.
The polar bear bites you but does no damage.
The polar bear claws you.
* * * LOW HITPOINT WARNING * * *
You block the polar bear's attack.
You feel better. The polar bear bites you!
You die...

...........~~~...#
#..<#.....##..
#.............
+.........##
#.........#
+.........#
#.........###
#...........#
#.........h@#
#....####.###
#....#~≈~.~≈≈#
#....#≈....~≈#
#.#. #~.....~#
...........
###~.....~#.#
#~~.[..≈#...
#≈~..~S≈# ..


You could see a polar bear.

Vanquished Creatures
  A centaur warrior (D:7)
  A troll (D:9)
  Prince Ribbit (D:9)
  A hornet (D:4)
  The ghost of hawla the Magician, an amateur DEFE (D:4)
  Eustachio (D:5)
  Menkaure (D:5)
  2 steam dragons (D:8)
  A water moccasin (D:8)
  2 black bears
  A sky beast (D:6)
  3 ice beasts
  3 orc warriors
  An ogre (D:7)
  A centaur (D:7)
  A phantom (D:7)
  3 kobold brigands
  Blork the orc (D:4)
  2 bullfrogs
  A gnoll sergeant (D:8)
  2 scorpions
  13 wights
  A howler monkey (D:7)
  2 orc priests (D:7)
  2 hounds
  2 jellies
  A gnoll bouda (D:7)
  An iguana (D:5)
  A sleepcap (D:6)
  Ijyb (D:5)
  Terence (D:3)
  5 orc wizards
  Robin (D:3)
  16 gnolls
  6 adders
  A shadow imp (D:6)
  2 white imps
  2 dart slugs
  25 orcs
  7 ball pythons
  6 endoplasms
  7 giant cockroaches
  19 goblins
  7 hobgoblins
  2 jackals (D:3)
  2 quokkas
  5 bats
  6 frilled lizards
  16 kobolds
  9 rats
200 creatures vanquished.

Notes
Turn   | Place    | Note
-------+----------+-------------------------------------------
     0 | D:1      | seaoflcl the Minotaur Fighter began the quest for the Orb.
     0 | D:1      | Reached XP level 1. HP: 19/19 MP: 0/0
   348 | D:1      | Reached XP level 2. HP: 27/27 MP: 1/1
  1026 | D:2      | Reached XP level 3. HP: 14/33 MP: 0/2
  1875 | D:2      | Reached XP level 4. HP: 40/40 MP: 3/3
  2425 | D:3      | Found an ornate altar of the Wu Jian Council.
  2426 | D:3      | Noticed Robin
  2438 | D:3      | Killed Robin
  2439 | D:3      | Reached skill level 1 in Throwing
  2453 | D:3      | Noticed Terence
  2463 | D:3      | Killed Terence
  2468 | D:3      | Reached XP level 5. HP: 36/47 MP: 4/4
  2664 | D:3      | Found an iron altar of Okawaru.
  2695 | D:3      | Became a worshipper of Warmaster Okawaru
  2773 | D:3      | Reached skill level 1 in Polearms
  3003 | D:3      | Noticed Jessica
  3008 | D:3      | Banished Jessica
  3085 | D:4      | Noticed Blork the orc
  3254 | D:4      | Killed Blork the orc
  3255 | D:4      | Reached XP level 6. HP: 50/53 MP: 3/5
  3333 | D:4      | Found a runed translucent door.
  3452 | D:4      | Reached skill level 5 in Fighting
  3527 | D:4      | Noticed a hornet
  3534 | D:4      | Paralysed by a hornet for 2 turns
  3539 | D:4      | HP: 2/56 [poisoned by a hornet]
  3544 | D:4      | Reached skill level 5 in Armour
  3546 | D:4      | Killed a hornet
  3546 | D:4      | Reached * piety under Okawaru
  3547 | D:4      | Reached skill level 5 in Shields
  3547 | D:4      | Reached XP level 7. HP: 19/61 MP: 2/6
  3759 | D:4      | Noticed hawla's ghost (amateur DEFE)
  3773 | D:4      | Killed hawla's ghost
  3773 | D:4      | Reached ** piety under Okawaru
  3819 | D:5      | Entered Level 5 of the Dungeon
  3912 | D:5      | Noticed Ijyb
  3928 | D:5      | Killed Ijyb
  4007 | D:5      | Found a transporter.
  4023 | D:5      | Found a transporter.
  4069 | D:5      | Noticed Menkaure
  4076 | D:5      | Killed Menkaure
  4077 | D:5      | Reached skill level 5 in Polearms
  4167 | D:5      | Noticed Eustachio
  4171 | D:5      | Killed Eustachio
  4172 | D:5      | Reached XP level 8. HP: 70/70 MP: 7/7
  4743 | D:6      | Reached *** piety under Okawaru
  5553 | D:7      | Reached XP level 9. HP: 48/78 MP: 5/8
  5707 | D:7      | Found a shadowy altar of Dithmenos.
  6081 | Abyss:2  | Cast into level 2 of the Abyss (unwielding a weapon of
                  | distortion)
  6111 | Abyss:3  | Found a corrupted altar of Lugonu.
  6113 | Abyss:3  | Found a corrupted altar of Lugonu.
  6117 | Abyss:3  | Noticed a smoke demon
  6120 | Abyss:3  | Fell from the grace of Okawaru
  6120 | Abyss:3  | Became a worshipper of Lugonu the Unformed
  6120 | Abyss:3  | Reached * piety under Lugonu
  6120 | Abyss:3  | Reached ** piety under Lugonu
  6121 | D:7      | Escaped the Abyss
  6203 | D:7      | Noticed a centaur warrior
  6251 | D:8      | Reached skill level 1 in Dodging
  6260 | D:8      | Reached skill level 5 in Axes
  6260 | D:8      | Reached skill level 1 in Evocations
  6517 | D:8      | Reached skill level 5 in Throwing
  6688 | D:8      | Banished a merfolk
  6688 | D:8      | Banished a merfolk impaler
  6688 | D:8      | Banished a stone giant
  6688 | D:8      | Banished a merfolk
  6791 | D:8      | Identified the +2 war axe "Leviticus" {freeze, Contam Int+8
                  | Dex+4 Stlth-}
  7051 | D:7      | Killed a centaur warrior
  7173 | D:7      | Found a staircase to the Ecumenical Temple.
  7220 | D:7      | Noticed an orc knight
  7489 | D:9      | Noticed a troll
  7494 | D:9      | Killed a troll
  7495 | D:9      | Reached XP level 10. HP: 80/88 MP: 9/9
  7582 | D:9      | Noticed Prince Ribbit
  7599 | D:9      | Killed Prince Ribbit
  7648 | D:9      | Noticed a minotaur
  7648 | D:9      | Noticed an orc knight
  7652 | D:10     | Entered Level 10 of the Dungeon
  7667 | D:10     | HP: 3/88 [polar bear (11)]
  7670 | D:10     | Slain by a polar bear

Illustrated notes

Levels and vault maps discovered:
D:1:      matt_arrival_grand_opening, layout_basic
D:2:      layout_loops_corners, minmay_strange_pillars
D:3:      layout_loops_ring, mainiacjoe_overflow_small_starburst,
          mainiacjoe_overflow_paths, uniq_robin, uniq_terence, uniq_jessica
D:4:      layout_rooms, gammafunk_ghost_grave, uniq_blork_the_orc
D:5:      gammafunk_steamed_eel, layout_basic, uniq_menkaure, uniq_ijyb,
          uniq_eustachio
D:6:      layout_loops_ring
D:7:      layout_cave_pools, overflow_temple_1_default, temple_pool_b,
          nicolae_wooded_promenade
D:8:      layout_rooms
D:9:      layout_rooms, erik_lair_dragon, minmay_joined_circles,
          uniq_prince_ribbit1
D:10:     gammafunk_beogh_shrine, layout_irregular_city, orc_david_3,
          serial_ice, serial_ice_k, serial_ice_o, serial_ice_d, serial_ice_m,
          serial_ice_n, serial_ice_h, uniq_amaemon

Skill      XL: |  1  2  3  4  5  6  7  8  9 10 |
---------------+-------------------------------+-----
Axes           | 3 4 5 6 |  6.3
Fighting       | 4 5 6 7 8 |  8.0
Armour         | 4 5 6 7 |  7.9
Shields        | 4 5 6 7 |  7.9
Throwing       | 1 2 3 4 5 |  5.4
Polearms       | 2 3 5 7 8 |  8.1
Dodging        | 2 |  2.6
Evocations     | 2 |  2.2

Action                     |  1- 3 |  4- 6 |  7- 9 | 10-12 || total
---------------------------+-------+-------+-------+-------++-------
  Melee: War axe           |    77 |    52 |    37 |    23 ||   189
         Headbutt          |     8 |     8 |    47 |     4 ||    67
         Trident           |       |    57 |   149 |       ||   206
         Hand axe          |       |       |    63 |       ||    63
  Throw: Dart              |       |       |     6 |     7 ||    13
 Invoke: Depart the Abyss  |       |       |     1 |       ||     1
    Use: Potion            |       |     3 |     2 |     2 ||     7
         Scroll            |       |       |    11 |       ||    11
 Armour: Scale mail        |    41 |    43 |    91 |    12 ||   187
  Dodge: Dodged            |    41 |    52 |   100 |    11 ||   204
  Block: Buckler           |    16 |    23 |    69 |     8 ||   116
